 Dungeon Crawl Stone Soup version 0.27-a0-1149-g4505690ab0 (webtiles) character file.

Game seed: 10910513549451886440

100 st0uf the Twirler (level 4, -1/27 HPs)
             Began as a Gargoyle Gladiator on May 11, 2021.
             Killed by divine providence
             ... invoked by an orc priest
              (17 damage)
             ... on level 3 of the Dungeon on May 12, 2021.
             The game lasted 00:06:29 (2245 turns).

st0uf the Twirler (Gargoyle Gladiator)              Turns: 2245, Time: 00:06:30

Health: -1/27      AC: 11    Str: 17    XL:     4   Next: 73%
Magic:  4/4        EV: 11    Int: 10    God:
Gold:   87         SH:  0    Dex: 17    Spells: 3/3 levels left

rFire    . . .     SeeInvis .   a - +0 quarterstaff
rCold    . . .     Faith    .   (shield currently unavailable)
rNeg     + . .     Spirit   .   m - +0 ring mail
rPois    ∞         Reflect  .   c - +0 helmet
rElec    +         Harm     .   (no cloak)
rCorr    .         Rampage  .   v - +0 pair of gloves
Will     .....                  (no boots)
Stlth    +.........             (no amulet)
HPRegen  0.09/turn              q - +6 ring of dexterity
MPRegen  0.09/turn              u - ring of flight

@: flying
A: sickness immunity, AC +3, negative energy resistance 1, electricity
resistance, torment resistance 1, petrification resistance
a: no special abilities


You were on level 3 of the Dungeon.
You visited 1 branch of the dungeon, and saw 3 of its levels.

You collected 87 gold pieces.

Inventory:

Hand Weapons
 a - a +0 quarterstaff (weapon)
Missiles
 d - 2 throwing nets
 i - 4 javelins
 r - 31 stones
 s - 5 boomerangs (quivered)
Armour
 b - a +0 leather armour
 c - a +0 helmet (worn)
 m - a +0 ring mail (worn)
 v - a +0 pair of gloves (worn)
Magical Staves
 n - a staff of earth
Jewellery
 q - a +6 ring of dexterity (left hand)
 u - a ring of flight (right hand)
Wands
 w - a wand of iceblast (8)
 x - a wand of mindburst (7)
Scrolls
 g - a scroll of fog {unknown}
 k - a scroll of immolation
 l - 2 scrolls of noise {unknown}
 o - a scroll of magic mapping {unknown}
 t - a scroll of teleportation {unknown}
Potions
 e - 2 potions of heal wounds {unknown}
 f - a potion of mutation {unknown}
 h - a potion of invisibility {unknown}
 j - 3 potions of curing {unknown}
 p - a potion of resistance {unknown}
 z - a potion of magic {unknown}
 A - a potion of brilliance {unknown}


   Skills:
 + Level 2.7 Fighting
 + Level 4.5 Staves
 + Level 2.0 Throwing
 + Level 1.5 Armour
 - Level 2.4 Dodging
 + Level 0.3 Stealth


You had 3 spell levels left.
You didn't know any spells.
Your spell library was empty.

Dungeon Overview and Level Annotations

Branches:
Dungeon (3/15)

Altars:

Shops:
D:2 *


Innate Abilities, Weirdness & Mutations

You are immune to sickness and miasma.
Your stone body is resilient. (AC +3)
You are immune to poison.
You resist negative energy. (rN+)
You are resistant to electric shocks. (rElec)
You are resistant to unholy torment.
You are immune to petrification.


Message History

The orc barely misses you.
You hit the orc.
You kill the orc!
An orc comes into view. It is wielding a +0 hand axe.
The orc shouts!
A gnoll comes into view. It is wielding a +0 spear.
Things that are here:
a +0 falchion; a +0 leather armour; an orc corpse Throw: 5 boomerangs
Press: ? - help, Q - select action, (/) - cycle Shift-Dir - straight line, f - orc priest
Aim: an orc priest, wielding a +0 hand axe and wearing a +0 ring mail (65% to hit)
You throw a boomerang. The boomerang hits the orc priest.
The orc priest is lightly wounded.
Throw: 5 boomerangs
Press: ? - help, Q - select action, (/) - cycle Shift-Dir - straight line, f/p - orc priest
Aim: an orc priest, wielding a +0 hand axe and wearing a +0 ring mail (lightly wounded, 65% to hit)
You throw a boomerang. The boomerang hits the orc priest.
The orc priest is moderately wounded.
An orc comes into view. It is wielding a +0 dagger.
The orc moves out of view.
Throw: 5 boomerangs
Press: ? - help, Q - select action, (/) - cycle Shift-Dir - straight line, f/p - orc priest
Aim: an orc priest, wielding a +0 hand axe and wearing a +0 ring mail (moderately wounded, 65% to hit)
You throw a boomerang.
The boomerang hits the orc priest but does no damage.
The orc priest is moderately wounded.
Throw: 5 boomerangs
Press: ? - help, Q - select action, (/) - cycle Shift-Dir - straight line, f/p - orc priest
Aim: an orc priest, wielding a +0 hand axe and wearing a +0 ring mail (moderately wounded, 65% to hit)
You throw a boomerang.
The boomerang hits the orc priest but does no damage.
The orc priest is moderately wounded.
The orc priest completely misses you.
The orc priest calls down the wrath of Beogh upon you.
Beogh smites you!
The orc priest hits you but does no damage.
The orc priest mumbles some strange prayers to Beogh against you.
Beogh smites you!
Ouch! That really hurt!
You die...

#.. ..# #.# #.# ############
o.#.###.####.# #..........#
...gg..g).##.# #..........#
..#######g.#.# #..........#
##.#.# #..........# #...#
#..........#
##..###..........#
#.oo.@..........###### ..
##.#####'#####......<)
...#####..## #.# #........
...#.(.....###.#####........
..'.......'................
#.....).###.#.###........
#.......###.#.# #........
#...........#.# #........
#........####+###........


You could see an orc priest and an orc.

Vanquished Creatures
  A hound (D:3)
  An adder (D:2)
  A worm (D:2)
  2 dart slugs (D:1)
  An orc (D:3)
  3 bats (D:1)
  4 endoplasms
  A giant cockroach (D:1)
  7 goblins
  5 hobgoblins
  2 jackals (D:1)
  4 quokkas
  6 ball pythons
  3 frilled lizards
  7 kobolds
  2 rats (D:1)
50 creatures vanquished.

Notes
Turn   | Place    | Note
-------+----------+-------------------------------------------
     0 | D:1      | st0uf the Gargoyle Gladiator began the quest for the Orb.
     0 | D:1      | Reached XP level 1. HP: 12/12 MP: 1/1
     0 | D:1      | Upgraded the game from 0.27-a0-1147-gb3d8e82157 to
                  | 0.27-a0-1149-g4505690ab0
    31 | D:1      | Reached XP level 2. HP: 12/18 MP: 2/2
   363 | D:1      | Reached XP level 3. HP: 20/22 MP: 3/3
   506 | D:1      | Found a faded altar of an unknown god.
   761 | D:1      | Reached skill level 1 in Armour
   929 | D:2      | Reached skill level 4 in Staves
  1435 | D:2      | Reached XP level 4. HP: 27/27 MP: 4/4
  1600 | D:2      | Found Gotoow's General Store.
  2245 | D:3      | Killed from afar by an orc priest

Illustrated notes

Levels and vault maps discovered:
D:1:      shiori_arrival_oz, layout_rooms, hellmonk_ecumenical_altar_blasted,
          minmay_small_reverse_x
D:2:      layout_loops_cross, serial_shops, shop
D:3:      layout_basic

Skill      XL: |  1  2  3 |
---------------+----------+-----
Throwing       | 2 |  2.0
Armour         | 1 |  1.5
Staves         | 4 |  4.5
Fighting       | |  2.7
Dodging        | |  2.4
Stealth        | |  0.3

Action                   |  1- 3 |  4- 6 || total
-------------------------+-------+-------++-------
Melee: Quarterstaff      |   125 |    37 ||   162
Throw: Boomerang         |       |     7 ||     7
       Throwing net      |       |     1 ||     1
 Stab: Sleeping          |     1 |       ||     1
Armor: Leather armour    |    32 |       ||    32
       Ring mail         |     7 |    14 ||    21
Dodge: Dodged            |    71 |    21 ||    92

Table legend: (Time is in decaauts)
 A = Elapsed time spent in this place.
 B = Non-inter-level travel time spent in this place.
 C = Inter-level travel time spent in this place.
 D = Time resting spent in this place.
 E = Time spent auto-exploring this place.
 F = Levels seen in this place.
 G = Mean time per level.
                   A        B        C        D        E       F      G
               +--------+--------+--------+--------+--------+-----+--------+
         Total |   2262 |   2229 |     33 |    181 |   1545 |   3 |  754.0 |
       Dungeon |   2262 |   2229 |     33 |    181 |   1545 |   3 |  754.0 |
               +--------+--------+--------+--------+--------+-----+--------+

Top non-repeatable levels by time:
     D:1: 895 daAuts
     D:2: 844 daAuts
     D:3: 522 daAuts
